 Dungeon Crawl Stone Soup version 0.29.1-2-gbd0b4ee654 (webtiles) character file.

Game seed: 8905716157510725966

9737 cdecastro the Grappler (level 11, -8/99 HPs)
             Began as a Ghoul Monk on Nov 19, 2022.
             Was an Elder of Nemelex Xobeh.
             Mangled by a vampire mosquito (10 damage)
             ... on level 10 of the Dungeon on Nov 20, 2022.
             The game lasted 00:17:44 (12393 turns).

cdecastro the Grappler (Ghoul Monk)                Turns: 12393, Time: 00:17:47

Health: -8/99      AC:  9    Str: 20    XL:     11   Next: 51%
Magic:  13/13      EV: 11    Int:  5    God:    Nemelex Xobeh [****..]
Gold:   630        SH:  0    Dex: 11    Spells: 10/10 levels left

rFire   . . .      SeeInvis .     - Unarmed
rCold   + . .      Faith    +   (no shield)
rNeg    + + +      Spirit   .   F - +0 swamp dragon scales
rPois   ∞          Reflect  .   i - +1 hat
rElec   .          Harm     .   (no cloak)
rCorr   +          Rampage  .   (no gloves)
Will    .....                   (no boots)
Stlth   +.........              G - amulet of faith
HPRegen 0.00/turn               B - ring of flight
MPRegen 0.13/turn               H - ring of resist corrosion

@: flying, inhibited regen
A: claws 1, cold resistance 1, negative energy resistance 3, inhibited
regeneration, torment resistance 2, devour on kill
a: Renounce Religion, Draw Escape, Draw Destruction, Draw Summoning, Triple
Draw, Deal Four


You were on level 10 of the Dungeon.
You worshipped Nemelex Xobeh.
Nemelex Xobeh was greatly pleased with you.
You visited 2 branches of the dungeon, and saw 12 of its levels.

You collected 630 gold pieces.

Inventory:

Hand Weapons
 b - a +4 longbow
Missiles
 c - 6 boomerangs (quivered)
 m - 3 javelins
 o - 21 poisoned darts
Armour
 i - a +1 hat (worn)
 F - +0 swamp dragon scales (worn)
 J - +0 steam dragon scales
Jewellery
 B - a ring of flight (left claw)
 E - an amulet of reflection
 G - an amulet of faith (around neck)
 H - a ring of resist corrosion (right claw)
 I - a +6 ring of dexterity
Wands
 v - a wand of mindburst (13)
 A - a wand of charming (1)
 C - a wand of flame (3)
Scrolls
 d - 2 scrolls of poison {unknown}
 e - 7 scrolls of identify {unknown}
 f - 9 scrolls of teleportation {unknown}
 g - 2 scrolls of fear {unknown}
 j - 4 scrolls of immolation {unknown}
 p - a scroll of enchant weapon {unknown}
 x - 4 scrolls of enchant armour {unknown}
 y - 2 scrolls of blinking {unknown}
Potions
 a - a potion of degeneration {unknown}
 h - 6 potions of brilliance {unknown}
 k - 2 potions of haste {unknown}
 l - a potion of magic {unknown}
 n - 7 potions of curing {unknown}
 q - 3 potions of lignification {unknown}
 r - 2 potions of resistance {unknown}
 s - 2 potions of mutation {unknown}
 t - 5 potions of flight {unknown}
 u - a potion of might {unknown}
 w - 4 potions of attraction {unknown}
 z - a potion of ambrosia
 D - 3 potions of heal wounds {unknown}


   Skills:
 - Level 10.0 Fighting
 - Level 5.0 Ranged Weapons
 - Level 5.0 Armour
 - Level 2.6 Dodging
 - Level 2.1 Stealth
 + Level 14.0 Unarmed Combat
 - Level 5.0 Invocations


You had 10 spell levels left.
You didn't know any spells.
Your spell library contained the following spells:

 Spells                   Type           Power      Damage    Failure   Level
 Apportation              Tloc           0%         N/A       65%         1
 Necrotise                Necr           0%         1d4       65%         1
 Sandblast                Erth           0%         2d4       65%         1
 Summon Small Mammal      Summ           0%         N/A       65%         1
 Passwall                 Tmut/Erth      0%         N/A       78%         2
 Stone Arrow              Conj/Erth      0%         3d7       95%         3
 Summon Guardian Golem    Hex/Summ       0%         N/A       95%         3
 Corpse Rot               Necr/Pois/Air  0%         N/A       100%        4
 Dispel Undead            Necr           0%         3d6       100%        4
 Death Channel            Necr           0%         N/A       100%        6
 Orb of Destruction       Conj           0%         9d5       100%        7
 Spellforged Servitor     Conj/Summ      0%         N/A       100%        7


Dungeon Overview and Level Annotations

Branches:
Dungeon (11/15)            Temple (1/1) D:4
   Lair: D:8-11         Orc: D:9-12

Altars:
Ashenzari
Cheibriados
Dithmenos
Fedhas
Gozag
Hepliaklqana
Kikubaaqudgha
Makhleb
Nemelex Xobeh
Okawaru
Qazlal
Ru
Sif Muna
Trog
Uskayaw
Vehumet
Wu Jian
Xom
Yredelemnul

Portals:
Trove: D:10 (show slimy rune of Zot)


Innate Abilities, Weirdness & Mutations

You are immune to poison.
You have sharp fingernails.
Your flesh is cold resistant. (rC+)
You are immune to negative energy. (rN+++)
You do not regenerate when monsters are visible.
You are immune to unholy pain and torment.
You thrive by killing the living.


Message History

The vampire mosquito barely misses you.
You miss the vampire mosquito.
The vampire mosquito is almost destroyed.
The vampire mosquito bites you!
* * * LOW HITPOINT WARNING * * *
The vampire mosquito misses you.
You miss the vampire mosquito.
The vampire mosquito is almost destroyed.
The vampire mosquito bites you but does no damage.
The vampire mosquito barely misses you.
The vampire mosquito closely misses you.
The vampire mosquito misses you.
You closely miss the vampire mosquito.
The vampire mosquito is almost destroyed.
The vampire mosquito bites you but does no damage.
The vampire mosquito closely misses you.
You barely miss the vampire mosquito. Your claw misses the vampire mosquito.
The vampire mosquito is almost destroyed.
The vampire mosquito closely misses you.
The vampire mosquito barely misses you. The vampire mosquito bites you.
* * * LOW HITPOINT WARNING * * *
You barely miss the vampire mosquito. Your claw misses the vampire mosquito.
The vampire mosquito is almost destroyed.
The vampire mosquito barely misses you. The vampire mosquito misses you.
The vampire mosquito bites you.
* * * LOW HITPOINT WARNING * * *
You closely miss the vampire mosquito.
The vampire mosquito is almost destroyed.
The vampire mosquito bites you.
* * * LOW HITPOINT WARNING * * *
The vampire mosquito closely misses you.
You scratch the vampire mosquito. Your claw misses the vampire mosquito.
The vampire mosquito is almost destroyed.
The vampire mosquito bites you.
* * * LOW HITPOINT WARNING * * *
The vampire mosquito bites you.
* * * LOW HITPOINT WARNING * * *
The vampire mosquito barely misses you. The vampire mosquito bites you!
You die...
Your body glows with a rainbow of weird colours and disappears.

######.##### #....#
####...######## #.####
#.............###'#######
#.............##.........
#.............##......=..
#..............#........#
#.......................#
#.............#.........#
#......y@.....##.......†#
#......y......##....<...)
#.............##........#
#)............##[.......#
#............>##..[.....#
#.............##........#
#######################..
###


You could see 2 vampire mosquitoes.

Vanquished Creatures
  Psyche (D:7)
  An unseen horror zombie (D:8)
  2 trolls
  A shadow (D:10)
  Sigmund (D:6)
  2 wraiths
  3 wyverns
  27 yaks
  A steam dragon (D:9)
  A vampire mosquito (D:10)
  4 sky beasts
  An orc warrior (D:8)
  2 black bears
  A wolf (D:11)
  3 centaurs
  A kobold brigand (D:8)
  A lemure (D:7)
  4 bullfrogs
  5 necrophages
  A scorpion (D:5)
  5 killer bees
  An electric eel (D:11)
  5 howler monkeys
  2 centaur zombies (D:8)
  An orc priest (D:6)
  6 hounds
  2 jellies
  5 orc wizards
  3 iguanas
  7 adders
  A shadow imp (D:7)
  An ufetubus (D:6)
  2 worms
  2 dart slugs (D:1)
  18 orcs
  6 ball pythons
  11 endoplasms
  A giant cockroach (D:3)
  7 goblins
  12 hobgoblins
  3 jackals (D:1)
  5 quokkas
  8 bats
  2 frilled lizards
  9 kobolds
  4 rats (D:1)
  A bush (D:8)
193 creatures vanquished.

Vanquished Creatures (collateral kills)
  Pikel (D:8)
  An ugly thing (D:10)
2 creatures vanquished.

Vanquished Creatures (others)
  An unseen horror (D:9)
  A yak (D:9)
  2 orc warriors (D:9)
  A bullfrog (D:9)
  A kobold brigand (D:9)
  10 plants (D:8)
16 creatures vanquished.

Grand Total: 211 creatures vanquished

Notes
Turn   | Place    | Note
-------+----------+-------------------------------------------
     0 | D:1      | cdecastro the Ghoul Monk began the quest for the Orb.
     0 | D:1      | Reached XP level 1. HP: 19/19 MP: 0/0
   228 | D:1      | Reached XP level 2. HP: 26/26 MP: 1/1
   238 | D:1      | Reached skill level 4 in Unarmed Combat
   446 | D:1      | Reached XP level 3. HP: 31/31 MP: 2/2
   490 | D:1      | Found a faded altar of an unknown god.
   971 | D:2      | Reached skill level 5 in Unarmed Combat
  1038 | D:2      | Reached XP level 4. HP: 33/38 MP: 3/3
  1446 | D:3      | Reached skill level 6 in Unarmed Combat
  1446 | D:3      | Reached XP level 5. HP: 39/45 MP: 4/4
  2331 | D:3      | Found a sparkling altar of Nemelex Xobeh.
  2332 | D:3      | Found an opulent altar of Gozag.
  2476 | D:3      | Became a worshipper of Nemelex Xobeh the Trickster
  2476 | D:3      | Reached * piety under Nemelex Xobeh
  2476 | D:3      | Received a gift from Nemelex Xobeh
  2476 | D:3      | Reached ** piety under Nemelex Xobeh
  2511 | D:4      | Found a burning altar of Makhleb.
  3453 | D:4      | Received a gift from Nemelex Xobeh
  3456 | D:4      | Found a staircase to the Ecumenical Temple.
  3524 | Temple   | Entered the Ecumenical Temple
  3658 | D:5      | Entered Level 5 of the Dungeon
  3675 | D:5      | Reached skill level 7 in Unarmed Combat
  3675 | D:5      | Reached XP level 6. HP: 41/51 MP: 5/5
  4006 | D:5      | Reached skill level 8 in Unarmed Combat
  4220 | D:5      | Found a shadowy altar of Dithmenos.
  4686 | D:6      | Reached XP level 7. HP: 22/57 MP: 6/6
  4932 | D:6      | Reached skill level 9 in Unarmed Combat
  5240 | D:6      | Found a stormy altar of Qazlal.
  5241 | D:6      | Noticed a fire elemental
  5244 | D:6      | Noticed an air elemental
  5244 | D:6      | Noticed a water elemental
  5387 | D:6      | Reached skill level 10 in Unarmed Combat
  5428 | D:6      | Noticed Sigmund
  5431 | D:6      | Killed Sigmund
  5432 | D:6      | Reached XP level 8. HP: 63/63 MP: 7/7
  5489 | D:6      | Reached *** piety under Nemelex Xobeh
  5527 | D:6      | Found an ornate altar of the Wu Jian Council.
  5785 | D:7      | Reached skill level 11 in Unarmed Combat
  6175 | D:7      | Reached skill level 12 in Unarmed Combat
  6175 | D:7      | Reached skill level 1 in Invocations
  6674 | D:8      | Reached XP level 9. HP: 23/70 MP: 10/10
  7098 | D:8      | Noticed Psyche
  7099 | D:8      | Noticed Pikel
  7173 | D:7      | Killed Psyche
  7174 | D:7      | Reached skill level 5 in Invocations
  7174 | D:7      | Reached skill level 1 in Armour
  7444 | D:8      | Killed Pikel
  7715 | D:8      | Reached skill level 5 in Armour
  7742 | D:7      | Reached skill level 1 in Ranged Weapons
  7918 | D:8      | Reached XP level 10. HP: 37/77 MP: 12/12
  8513 | D:8      | Reached skill level 5 in Ranged Weapons
  8645 | D:8      | Found a blossoming altar of Fedhas.
  9052 | D:8      | Reached skill level 5 in Fighting
  9303 | D:9      | Found a shimmering blue altar of Sif Muna.
  9527 | D:9      | Found a snail-covered altar of Cheibriados.
  9888 | D:9      | Received a gift from Nemelex Xobeh
  9918 | D:9      | Reached **** piety under Nemelex Xobeh
 10040 | D:9      | Killed an unseen horror
 10060 | D:9      | HP: 4/90 [steam dragon (1)]
 10405 | D:9      | Found a shimmering altar of Xom.
 10547 | D:9      | Found a sacrificial altar of Ru.
 10761 | D:9      | Reached XP level 11. HP: 88/99 MP: 13/13
 10768 | D:9      | Reached skill level 10 in Fighting
 10977 | D:10     | Entered Level 10 of the Dungeon
 10977 | D:10     | Noticed a brown ugly thing
 10987 | D:10     | Killed a brown ugly thing
 11285 | D:10     | Reached skill level 13 in Unarmed Combat
 11421 | D:10     | Found a portal to a secret trove of treasure.
 11771 | D:10     | Found a radiant altar of Vehumet.
 12181 | D:10     | Reached skill level 14 in Unarmed Combat
 12393 | D:10     | HP: 2/99 [vampire mosquito (6)]
 12393 | D:10     | Mangled by a vampire mosquito

Illustrated notes

Levels and vault maps discovered:
D:1:      nicolae_arrival_washed_ashore, layout_basic,
          shapermc_ecumenical_altar_hornbeckon
D:2:      layout_rooms
D:3:      layout_basic, grunt_temple_overflow_opulence,
          kennysheep_generic_room_10
D:4:      layout_rooms, mainiacjoe_overflow_tiny_flanked, temple_hall,
          chequers_jeans, sigmund_army
D:5:      layout_loops_cross, lemuel_crystal_altar
D:6:      layout_rooms, nicolae_qazlal_style_of_elements,
          nicolae_wu_jian_glorious_leap, uniq_sigmund
D:7:      layout_basic
D:8:      layout_basic, fedhas_altar_decomposition, lemuel_doored_altar,
          hex_large, corexii_corridor_pit, uniq_pikel, uniq_psyche
D:9:      layout_long_grid, old_standard_altar, xom_confusion_cloud,
          kennysheep_mini_moat, mainiacjoe_overflow_alcove_2,
          minmay_tree_intersection
D:10:     layout_roguey, old_standard_altar, nicolae_trove_entry_isolated
D:11:     layout_cave_pools, erik_lair_island, gammafunk_ghost_hive,
          kennysheep_nub
Temple:   kb_temple_of_zot

Skill      XL: |  1  2  3  4  5  6  7  8  9 10 11 |
---------------+----------------------------------+-----
Unarmed Combat | 4 5 6 7 8 10 12 14 | 14.0
Invocations    | 3 5 |  5.0
Armour         | 5 |  5.0
Ranged Weapons | 4 5 |  5.0
Fighting       | 9 10 | 10.0
Dodging        | |  2.6
Stealth        | |  2.1

Action                   |  1- 3 |  4- 6 |  7- 9 | 10-12 || total
-------------------------+-------+-------+-------+-------++-------
Melee: Unarmed           |    89 |   167 |   143 |   357 ||   756
       Punch             |     1 |     7 |    10 |    35 ||    53
 Fire: Longbow           |       |       |    25 |    12 ||    37
Invok: Draw Summoning    |       |       |     1 |     1 ||     2
       Draw Destruction  |       |       |       |     3 ||     3
Evoke: Wand              |       |       |     8 |     2 ||    10
  Use: Potion            |       |     1 |       |       ||     1
 Stab: Sleeping          |     1 |       |       |     1 ||     2
Armor: Ring mail         |    35 |    17 |       |       ||    52
       Robe              |     2 |       |       |       ||     2
       Scale mail        |       |    49 |    26 |       ||    75
       Swamp dragon scal |       |       |    11 |   112 ||   123
Dodge: Dodged            |    52 |   113 |    46 |   193 ||   404
